 Dungeon Crawl Stone Soup version 0.27-a0-1188-g73eefd5def (webtiles) character file.

Game seed: 7575108879903582365

226 Sobieck the Skirmisher (level 6, -1/53 HPs)
             Began as a Hill Orc Hunter on May 21, 2021.
             Slain by Edmund
             ... wielding a +1 flail of holy wrath
              (7 damage)
             ... on level 3 of the Dungeon.
             The game lasted 00:07:21 (2385 turns).

Sobieck the Skirmisher (Hill Orc Hunter)            Turns: 2385, Time: 00:07:22

Health: -1/53      AC:  6    Str: 17    XL:     6   Next: 1%
Magic:  6/6        EV: 10    Int: 11    God:
Gold:   165        SH:  0    Dex: 11    Spells: 5/5 levels left

rFire    . . .     SeeInvis .   a - +0 hand axe {axe}
rCold    . . .     Faith    .   (no shield)
rNeg     . . .     Spirit   .   i - +0 scale mail
rPois    .         Reflect  .   (no helmet)
rElec    .         Harm     .   (no cloak)
rCorr    .         Rampage  .   (no gloves)
Will     .....                  (no boots)
Stlth    ..........             (no amulet)
HPRegen  0.17/turn              (no ring)
MPRegen  0.10/turn              (no ring)

@: no status effects
A: no striking features
a: no special abilities


You were on level 3 of the Dungeon.
You visited 1 branch of the dungeon, and saw 4 of its levels.

You collected 165 gold pieces.


   Skills:
 + Level 4.6 Fighting
 + Level 3.8 Axes
 - Level 3.6 Crossbows
 + Level 3.4 Armour
 - Level 1.5 Dodging
 - Level 0.7 Stealth


You had 5 spell levels left.
You didn't know any spells.
Your spell library contained the following spells:

 Spells                   Type           Power      Damage    Failure   Level
 Summon Small Mammal      Summ           0%         N/A       75%         1
 Call Imp                 Summ           0%         N/A       86%         2
 Call Canine Familiar     Summ           0%         N/A       98%         3
 Summon Guardian Golem    Hex/Summ       0%         N/A       98%         3
 Summon Ice Beast         Ice/Summ       0%         N/A       100%        4
 Summon Lightning Spire   Summ/Air       0%         N/A       100%        4

Inventory:

Hand Weapons
 a - a +0 hand axe (weapon) {axe}
   (You found it on level 1 of the Dungeon)
 b - a +0 hunting sling {sling}
   (You took it off a goblin on level 3 of the Dungeon)
 f - a +0 short sword {short}
 k - a +0 morningstar {mace}
   (You found it on level 3 of the Dungeon)
 q - a +1 hand crossbow {crossbow}
Missiles
 d - 39 bolts
 e - 57 stones (quivered) {throwing}
 m - 16 sling bullets
 n - 21 arrows
 p - 4 poisoned darts {throwing}
 u - 2 throwing nets {=f!fthrowing}
Armour
 c - a +0 leather armour
 i - a +0 scale mail (worn)
   (You found it on level 3 of the Dungeon)
Wands
 l - a wand of iceblast (4)
   (You found it on level 3 of the Dungeon)
Potions
 j - a potion of magic

Dungeon Overview and Level Annotations

Branches:
Dungeon (4/15)
 Temple: D:4-7

Altars:

Shops:
D:3 (

Annotations:
D:2 exclusion: downstairs
D:3 Edmund
D:4 Sigmund

#....##).....#
#....##......#
#............#
#.....#......#
#....##......#
#....#########
##### ###..####...#
....# #....####.#)#
###.# #.##......@@#
..#.###.##........#
..#...............#
..#.....#......####
..#.#####....######
..### ##...##
##.######### ###
#...## #..........#
##...# #..........#
###....#
#).........#


You could see Edmund.


Message History

You hit the phantom.
You destroy the phantom!
You hit the endoplasm. The endoplasm freezes you.
You are frozen.
Your Armour skill increases to level 3!
You have reached level 6!
Your experience leads to an increase in your attributes!
Increase (S)trength, (I)ntelligence, or (D)exterity?
You feel stronger. 😕 HP[+5] MP[+1]
You now have 53 max hp (+7).
You regained 5 hp, and now have 49/53 hp.
Your mp is fully restored (6).
You hit the endoplasm but do no damage. The endoplasm barely misses you.
You hit the endoplasm.
You kill the endoplasm!
You start resting.
Your hearing returns.
Edmund the Younger comes into view.
He is wielding a +1 flail of holy wrath. 😕 HP[+2]
You regained 2 hp, and now have 51/53 hp.
b - a +0 hunting sling (weapon)
{sling} Edmund shouts!
Okay, then.
q - a +1 hand crossbow (weapon)
{crossbow} Fire: 42 bolts
Press: ? - help, Q - select action, (/) - cycle Shift-Dir - straight line, f - Edmund
Aim: Edmund, wielding a +1 flail of holy wrath and wearing a +0 ring mail (68% to hit)
You shoot a bolt. The bolt hits Edmund!
Fire: 41 bolts
Press: ? - help, Q - select action, (/) - cycle Shift-Dir - straight line, f/p - Edmund
Aim: Edmund, wielding a +1 flail of holy wrath and wearing a +0 ring mail (lightly wounded, 68% to hit)
You shoot a bolt. The bolt closely misses Edmund.
Sigmund the Dreaded comes into view.
He is wielding a +0 scythe and wearing a +0 robe of the Archmagi. 😕 HP[+1] Fire: 40 bolts
Press: ? - help, Q - select action, (/) - cycle Shift-Dir - straight line, f/p - Edmund
Aim: Edmund, wielding a +1 flail of holy wrath and wearing a +0 ring mail (lightly wounded, 68% to hit)
You shoot a bolt. The bolt hits Edmund.
Aiming: Iceblast
Press: ? - help, Shift-Dir - straight line, p - Edmund The mass of ice explodes!
The iceblast engulfs Edmund!
Aiming: Iceblast
Press: ? - help, Shift-Dir - straight line The mass of ice explodes!
The iceblast engulfs Edmund.
Sigmund gestures at himself while chanting.
Sigmund flickers and vanishes!
Deactivating autopickup; reactivate with Ctrl-A.
Aiming: Iceblast
Press: ? - help, Shift-Dir - straight line The mass of ice explodes!
The iceblast engulfs something!
Edmund hits you with a +1 flail of holy wrath! 😕 HP[-9]
You take 9 damage, and now have 43/53 hp.
Edmund hits you with a +1 flail of holy wrath.
You climb upwards.
Reactivating autopickup.
There is a stone staircase leading down here. 😮 HP[-5]
You take 5 damage, and now have 38/53 hp.
a - a +0 hand axe (weapon)
{axe} You hit Edmund but do no damage.
Edmund hits you with a +1 flail of holy wrath. 😮 HP[-3]
You take 3 damage, and now have 35/53 hp.
You hit Edmund.
Edmund hits you with a +1 flail of holy wrath. 😮 HP[-4]
You take 4 damage, and now have 31/53 hp.
You hit Edmund but do no damage.
Edmund hits you with a +1 flail of holy wrath!
* * * LOW HITPOINT WARNING * * *
😨 HP[-11]
You take 11 damage, and now have 20/53 hp.
MASSIVE DAMAGE!! (PAUSE)
You hit Edmund but do no damage.
Edmund hits you with a +1 flail of holy wrath.
* * * LOW HITPOINT WARNING * * *
Edmund hits you but does no damage. 😨 HP[-3]
You take 3 damage, and now have 17/53 hp.
You hit Edmund but do no damage.
Edmund hits you with a +1 flail of holy wrath!
* * * LOW HITPOINT WARNING * * *
😱 HP[-10]
You take 10 damage, and now have 7/53 hp.
You closely miss Edmund. Edmund barely misses you.
Okay, then.
You hit Edmund.
Edmund hits you with a +1 flail of holy wrath.
* * * LOW HITPOINT WARNING * * *
😱 HP[-2]
You take 2 damage, and now have 5/53 hp.
You hit Edmund but do no damage. Edmund barely misses you.
You hit Edmund. Edmund closely misses you. 😱 HP[+1]
You completely miss Edmund.
Edmund hits you with a +1 flail of holy wrath!
You die...

Skill      XL: |  1  2  3  4  5 |
---------------+----------------+-----
Armour         | 1 2 3 |  3.4
Fighting       | 3 4 |  4.6
Axes           | 1 2 3 |  3.8
Crossbows      | |  3.6
Dodging        | |  1.5
Stealth        | |  0.7

Action                   |  1- 3 |  4- 6 || total
-------------------------+-------+-------++-------
Melee: Short sword       |    24 |       ||    24
       Hand axe          |   110 |    33 ||   143
 Fire: Hand crossbow     |     6 |     9 ||    15
       Hunting sling     |    28 |     9 ||    37
Evoke: Wand              |       |     4 ||     4
  Use: Scroll            |       |     8 ||     8
Armor: Leather armour    |    12 |       ||    12
       Scale mail        |    76 |    20 ||    96
Dodge: Dodged            |    78 |    21 ||    99

Levels and vault maps discovered:
D:1:      saegor_arrival_miasma, layout_basic, minmay_misc_feat_pillars
D:2:      kennysheep_big_flooded_room, layout_loops_ring,
          chequers_ecumenical_altar_twisty, grunt_ministairs_3,
          uniq_crazy_yiuf_cottage
D:3:      layout_rooms, serial_shops, shop, kennysheep_minor_cross,
          minmay_fractal_squares_diagonal_5
D:4:      layout_basic, sigmund_edmund_badplayer, uniq_blork_the_orc

Notes
Turn   | Place    | Note
-------+----------+-------------------------------------------
     0 | D:1      | Sobieck the Hill Orc Hunter began the quest for the Orb.
     0 | D:1      | Reached XP level 1. HP: 18/18 MP: 1/1
     0 | D:1      | magus.rc [v1.9.6]
   228 | D:2      | Reached skill level 1 in Armour
   228 | D:2      | Reached XP level 2. HP: 21/25 MP: 2/2
   343 | D:3      | You pick up a book of Callings and begin reading...
   343 | D:3      | You add the spells Summon Small Mammal, Call Imp, Call
                  | Canine Familiar, Summon Guardian Golem, Summon Lightning
                  | Spire and Summon Ice Beast to your library.
   354 | D:3      | Reached skill level 3 in Fighting
   354 | D:3      | Found Wixuoder's Weapon Boutique.
   398 | D:3      | Reached skill level 1 in Axes
   990 | D:3      | Reached XP level 3. HP: 28/31 MP: 3/3
  1118 | D:3      | Reached skill level 2 in Armour
  1223 | D:3      | Noticed an ogre
  1348 | D:2      | Reached skill level 2 in Axes
  1722 | D:2      | Reached XP level 4. HP: 37/38 MP: 4/4
  1735 | D:2      | Found a faded altar of an unknown god.
  2001 | D:3      | Killed an ogre
  2002 | D:3      | Reached skill level 4 in Fighting
  2002 | D:3      | Reached skill level 3 in Axes
  2002 | D:3      | Reached XP level 5. HP: 46/46 MP: 5/5
  2344 | D:4      | Noticed a phantom
  2352 | D:4      | Killed a phantom
  2353 | D:4      | Reached skill level 3 in Armour
  2353 | D:4      | Reached XP level 6. HP: 49/53 MP: 6/6
  2364 | D:4      | Noticed Edmund
  2368 | D:4      | Identified a +0 robe of the Archmagi
  2368 | D:4      | Noticed Sigmund
  2380 | D:3      | HP: 7/53 [Edmund/+1 flail of holy wrath (10)]
  2385 | D:3      | Slain by Edmund

Vanquished Creatures
  An ogre (D:3)
  A phantom (D:4)
  An adder (D:3)
  A dart slug (D:3)
  2 orcs
  4 endoplasms
  3 giant cockroaches
  6 goblins
  5 hobgoblins
  2 jackals (D:3)
  3 quokkas
  4 ball pythons
  5 bats
  A frilled lizard (D:3)
  6 kobolds
  4 rats
49 creatures vanquished.

Table legend:
 A = Non-vault XP
 B = Vault XP
 C = Vault XP percentage of total XP
 D = Non-vault monster count
 E = Vault monster count
 F = Vault count percentage of total count
                 A         B        C        D         E       F
            +---------+---------+-------+---------+---------+-------
      Total |     189 |     134 |  41.5 |      39 |      10 |  20.4
            +---------+---------+-------+---------+---------+-------
        D:1 |      10 |       0 |   0.0 |       7 |       0 |   0.0
        D:2 |      16 |       7 |  30.4 |       9 |       4 |  30.8
        D:3 |      50 |     127 |  71.8 |      21 |       6 |  22.2
        D:4 |     113 |       0 |   0.0 |       2 |       0 |   0.0
            +---------+---------+-------+---------+---------+-------

Illustrated notes

Table legend:
 A = Kills in this place as a percentage of kills in entire the game.
 B = Kills by you in this place as a percentage of kills by you in the entire game.
 C = Kills by friends in this place as a percentage of kills by friends in the entire game.
 D = Other kills in this place as a percentage of other kills in the entire game.
 E = Experience gained in this place as a percentage of experience gained in the entire game.
 F = Experience gained in this place divided by the number of levels of this place that you have seen.
                   A       B       C       D       E      F
               +-------+-------+-------+-------+-------+----------------------
         Total | 100.0 | 100.0 |   N/A |   N/A | 100.0 |  80.8
       Dungeon | 100.0 | 100.0 |   N/A |   N/A | 100.0 |  80.8
               +-------+-------+-------+-------+-------+----------------------

Table legend: (Time is in decaauts)
 A = Elapsed time spent in this place.
 B = Non-inter-level travel time spent in this place.
 C = Inter-level travel time spent in this place.
 D = Time resting spent in this place.
 E = Time spent auto-exploring this place.
 F = Levels seen in this place.
 G = Mean time per level.
                   A        B        C        D        E       F      G
               +--------+--------+--------+--------+--------+-----+--------+
         Total |   2413 |   2288 |    125 |    721 |    734 |   4 |  603.2 |
       Dungeon |   2413 |   2288 |    125 |    721 |    734 |   4 |  603.2 |
               +--------+--------+--------+--------+--------+-----+--------+

Top non-repeatable levels by time:
     D:3: 1283 daAuts
     D:2: 846 daAuts
     D:1: 238 daAuts
     D:4: 45 daAuts
